 Dungeon Crawl Stone Soup version 0.27-a0-1273-gec92ba881d (webtiles) character file.

Game seed: 825831329772676155

91 mordus the Ruffian (level 4, -10/45 HPs)
             Began as a Troll Monk on June 10, 2021.
             Mangled by an ogre
             ... wielding a +0 giant club
              (23 damage)
             ... on level 3 of the Dungeon on June 11, 2021.
             The game lasted 00:05:27 (1431 turns).

mordus the Ruffian (Troll Monk)                     Turns: 1431, Time: 00:05:27

Health: -10/45     AC:  6    Str: 20    XL:     4   Next: 34%
Magic:  3/3        EV: 10    Int:  6    God:
Gold:   94         SH:  0    Dex: 12    Spells: 3/3 levels left

rFire    . . .     SeeInvis .     - Unarmed
rCold    . . .     Faith    .   (no shield)
rNeg     . . .     Spirit   .   a - +0 robe
rPois    .         Reflect  .   (helmet restricted)
rElec    .         Harm     .   d - +1 cloak {Will+}
rCorr    .         Rampage  .   (gloves unavailable)
Will     +....                  (boots unavailable)
Stlth    ++........             (no amulet)
HPRegen  1.15/turn              (no ring)
MPRegen  0.08/turn              (no ring)

@: no status effects
A: large, unfitting armour, claws 3, regeneration 1, shaggy fur 1, tough skin 1
a: no special abilities


You were on level 3 of the Dungeon.
You visited 1 branch of the dungeon, and saw 3 of its levels.

You collected 94 gold pieces.

Inventory:

Missiles
 e - 6 atropa-tipped darts (quivered)
Armour
 a - a +0 robe (worn)
 d - a +1 cloak of willpower (worn)
 g - a scarf of resistance
Jewellery
 j - an amulet of faith
 k - an amulet of reflection
Scrolls
 b - a scroll of magic mapping {unknown}
 c - 3 scrolls of identify {unknown}
Potions
 f - a potion of lignification
 h - a potion of heal wounds {unknown}
 i - a potion of curing {unknown}


   Skills:
 + Level 3.4 Fighting
 - Level 2.4 Dodging
 - Level 1.0 Stealth
 + Level 4.2 Unarmed Combat


You had 3 spell levels left.
You didn't know any spells.
Your spell library was empty.

Dungeon Overview and Level Annotations

Branches:
Dungeon (3/15)

Altars:

Shops:
D:1 [*   D:2 :


Innate Abilities, Weirdness & Mutations

You are too large for most types of armour.
You have claws for hands.
Your natural rate of healing is unusually fast.
You are covered in fur. (AC +1)
You have tough skin. (AC +1)


Message History

You claw the ball python!
You kill the ball python!
c - 3 scrolls labelled LUUN RANLIUG (gained 1)
An ogre comes into view. It is wielding a +0 giant club.
An ogre is nearby!
The ogre shouts!
An ogre is nearby!
An ogre is nearby!
An ogre is nearby!
You scratch the ogre but do no damage. The ogre barely misses you.
An ogre is nearby!
You barely miss the ogre. You scratch the ogre.
The ogre is lightly wounded.
The ogre hits you with a +0 giant club!
You scratch the ogre.
The ogre is lightly wounded.
The ogre misses you.
You scratch the ogre.
The ogre is moderately wounded.
The ogre misses you.
You barely miss the ogre.
The ogre is moderately wounded.
You claw the ogre!
The ogre is severely wounded.
The ogre closely misses you.
You barely miss the ogre.
The ogre is severely wounded.
The ogre hits you with a +0 giant club!
You barely miss the ogre.
The ogre is severely wounded.
The ogre hits you with a +0 giant club!
* * * LOW HITPOINT WARNING * * *
You barely miss the ogre.
The ogre is severely wounded.
You scratch the ogre.
The ogre is severely wounded.
The ogre hits you with a +0 giant club!!
Ouch! That really hurt!
You die...

#..........# #.
#..........###.
#...........##.
#.........#.##.
#.........#.##. ####
#######'###..#. .....##
........# ##.#
.......################.#.
........O@................
.......####.............#.
....... #...............
.###### #...............
#...............
#...............
##############.. .. .>


You could see an ogre.

Vanquished Creatures
  A centaur skeleton (D:2)
  Robin (D:2)
  An adder (D:3)
  A dart slug (D:1)
  2 endoplasms
  5 giant cockroaches
  9 goblins (D:2)
  3 hobgoblins (D:2)
  3 jackals (D:1)
  3 kobolds
  2 quokkas (D:2)
  A ball python (D:3)
  A frilled lizard (D:1)
  3 rats
36 creatures vanquished.

Notes
Turn   | Place    | Note
-------+----------+-------------------------------------------
     0 | D:1      | mordus the Troll Monk began the quest for the Orb.
     0 | D:1      | Reached XP level 1. HP: 22/22 MP: 0/0
    14 | D:1      | Found Plog's Armour Boutique.
    52 | D:1      | Found a faded altar of an unknown god.
   187 | D:1      | Reached XP level 2. HP: 29/29 MP: 1/1
   343 | D:1      | Found Hixolow's Assorted Antiques.
   348 | D:1      | Upgraded the game from 0.27-a0-1256-gced786f65e to
                  | 0.27-a0-1273-gec92ba881d
   724 | D:2      | Found Ojisonte's Book Shop.
   767 | D:2      | Reached XP level 3. HP: 37/37 MP: 2/2
   772 | D:2      | Noticed Robin
   792 | D:2      | Killed Robin
   793 | D:2      | Reached skill level 4 in Unarmed Combat
   793 | D:2      | Reached XP level 4. HP: 7/45 MP: 3/3
  1415 | D:3      | Noticed an ogre
  1431 | D:3      | Mangled by an ogre

Illustrated notes

Levels and vault maps discovered:
D:1:      psy_arrival_basics, layout_loops_ring, ebering_ecumenical_altar_mist,
          serial_shops, nicolae_shop_temple_entry_statues_fountains,
          nicolae_shop_overgrown_old_shop
D:2:      layout_loops_ring, serial_shops, nicolae_shop_stone, uniq_robin
D:3:      layout_basic, guppyfry_early_lair_pool

Skill      XL: |  1  2  3 |
---------------+----------+-----
Fighting       | 3 |  3.4
Unarmed Combat | 4 |  4.2
Dodging        | |  2.4
Stealth        | |  1.0

Action                   |  1- 3 |  4- 6 || total
-------------------------+-------+-------++-------
Melee: Unarmed           |    50 |    36 ||    86
       Punch             |     1 |       ||     1
  Use: Potion            |     1 |       ||     1
 Stab: Sleeping          |     1 |       ||     1
Armor: Robe              |    22 |     4 ||    26
       Skin              |     5 |     7 ||    12
Dodge: Dodged            |    32 |    14 ||    46

Table legend: (Time is in decaauts)
 A = Elapsed time spent in this place.
 B = Non-inter-level travel time spent in this place.
 C = Inter-level travel time spent in this place.
 D = Time resting spent in this place.
 E = Time spent auto-exploring this place.
 F = Levels seen in this place.
 G = Mean time per level.
                   A        B        C        D        E       F      G
               +--------+--------+--------+--------+--------+-----+--------+
         Total |   1425 |   1327 |     98 |     24 |   1094 |   3 |  475.0 |
       Dungeon |   1425 |   1327 |     98 |     24 |   1094 |   3 |  475.0 |
               +--------+--------+--------+--------+--------+-----+--------+

Top non-repeatable levels by time:
     D:1: 702 daAuts
     D:2: 638 daAuts
     D:3: 85 daAuts
